 Dungeon Crawl Stone Soup version 0.17-a0-1378-g281efdd (webtiles) character file.

18 xgamer67 the Grasshopper (level 2, 0/14 HPs)
             Began as a Spriggan Warper on June 14, 2015.
             Slain by a kobold
             ... wielding a +0 club
              (5 damage)
             ... on level 2 of the Dungeon.
             The game lasted 00:02:20 (1119 turns).

xgamer67 the Grasshopper (Spriggan Warper)          Turns: 1119, Time: 00:02:20

Health: 0/14       AC:  2    Str:  7    XL:     2   Next: 51%
Magic:  6/6        EV: 18    Int: 14    God:
Gold:   29         SH:  0    Dex: 15    Spells: 1 memorised, 5 levels left

rFire  . . .     SeeInvis +     a - +0 short sword
rCold  . . .     Clarity  .     b - +0 robe
rNeg   . . .     SustAt   .     (shield restricted)
rPois  .         Gourm    .     (helmet restricted)
rElec  .         Spirit   .     (no cloak)
rCorr  .         Warding  .     (gloves unavailable)
rMut   .         Stasis   .     (boots unavailable)
MR     .....                    (no amulet)
Stlth  +++.......               (no ring)
                                (no ring)

@: very quick, not resistant to hostile enchantments, fairly stealthy
A: unfitting armour, see invisible, herbivore 3, speed 3, slow metabolism 2
a: no special abilities


You were on level 2 of the Dungeon.
You were not hungry.

You visited 1 branch of the dungeon, and saw 2 of its levels.

You collected 29 gold pieces.

Inventory:

Hand weapons
 a - a +0 short sword (weapon)
Missiles
 e - 5 tomahawks of dispersal (quivered)
 j - 61 stones
Armour
 b - a +0 robe (worn)
Scrolls
 d - a scroll of blinking
 g - a scroll of teleportation
 i - a scroll of fog {unknown}
 l - a scroll of enchant weapon {unknown}
 m - a scroll of remove curse {unknown}
Potions
 h - a potion of degeneration {unknown}
 k - a potion of curing {unknown}
Books
 c - a book of Spatial Translocations

   Spells                             Type                      Level
   a - Apportation                    Translocation                1
   b - Blink                          Translocation                2
   c - Shroud of Golubria             Charms/Translocation         2
   d - Portal Projectile              Translocation                3
   e - Teleport Other                 Translocation                3
   f - Passage of Golubria            Translocation                4
Comestibles
 f - 2 bread rations


   Skills:
 - Level 1.5 Fighting
 - Level 2.1 Short Blades
 - Level 1.1 Throwing
 - Level 3.5 Dodging
 + Level 3.7 Stealth
 - Level 2.6 Spellcasting
 - Level 4.4 Translocations


You had 5 spell levels left.
You knew the following spells:

 Your Spells              Type           Power        Failure   Level  Hunger
a - Apportation           Tloc           ##........   3%          1    #......


Dungeon Overview and Level Annotations

Branches:
Dungeon (2/15)

Altars:


Innate Abilities, Weirdness & Mutations

You are tiny and cannot use many weapons and most armour.
You have supernaturally acute eyesight.
You are a herbivore.
You cover ground extremely quickly.
You need consume almost no food.


Message History

2 kobolds come into view.
There is a stone staircase leading up here.
The kobold shouts!
The kobold misses you.
You hit the kobold.
The kobold is moderately wounded.
The kobold hits you but does no damage. The kobold hits you with a short sword.
You hit the kobold but do no damage.
The kobold is moderately wounded.
The kobold hits you with a club. The kobold closely misses you.
You hit the kobold but do no damage.
The kobold is moderately wounded.
The kobold misses you.
You hit the kobold.
The kobold is almost dead.
The kobold barely misses you.
You barely miss the kobold.
The kobold is almost dead.
The kobold hits you with a short sword. The kobold hits you with a club.
You die...

.. ##.##
#...#
#...#
#...#
#...#
#.KK#
#..@#
###.#...#
.......<#
###...###
#... ###.
#


You could see 2 kobolds.

Vanquished Creatures
  3 hobgoblins (D:1)
  5 bats (D:1)
  2 goblins (D:1)
  4 jackals (D:1)
  4 kobolds (D:1)
  A rat (D:1)
19 creatures vanquished.

Notes
Turn   | Place    | Note
--------------------------------------------------------------
     0 | D:1      | xgamer67 the Spriggan Warper began the quest for the Orb.
     0 | D:1      | Reached XP level 1. HP: 10/10 MP: 5/5
    34 | D:1      | Reached skill level 1 in Stealth
   387 | D:1      | Reached XP level 2. HP: 8/14 MP: 6/6
  1119 | D:2      | Slain by a kobold

Vault maps used:
D:1:      minmay_arrival_open_corners, minmay_misc_feat_more_columns,
          minmay_misc_feat_roman, minmay_liquid_box
D:2:      lemuel_coloured_pillars_altar, ecumenical_altar_1,
          grunt_decor_one_mirror, lemuel_tele_altar

Action                   || total
-------------------------++-------
Melee: Short sword       ||    74
  Use: Scroll            ||     1
